 Dungeon Crawl Stone Soup version 0.30-a0-986-g7f2e898f52 (webtiles) character file.

Game seed: 15452989135408084724

28 xian the Gusty (level 2, -1/28 HPs)
             Began as a Demonspawn Air Elementalist on Apr 2, 2023.
             Slain by Grinder (7 damage)
             ... while paralysed by Grinder
             ... on level 3 of the Dungeon.
             The game lasted 00:03:15 (2086 turns).

xian the Gusty (Demonspawn Air Elementalist)        Turns: 2086, Time: 00:03:16

Health: -1/28      AC:  8    Str:  8    XL:     2   Next: 96%
Magic:  5/5        EV:  2    Int: 16    God:
Gold:   103        SH:  0    Dex: 13    Spells: 4/5 levels left

rFire   . . .      SeeInvis .    o - +0 hand axe
rCold   . . .      Faith    .    (no shield)
rNeg    . . .      Spirit   .    i - +0 leather armour
rPois   .          Reflect  .    (no helmet)
rElec   .          Rampage  .    (no cloak)
rCorr   .                        (no gloves)
Will    .....                    d - +2 pair of boots {Fly} Stlth
                                 g - amulet of the acrobat
HPRegen 0.24/turn                (no ring)
MPRegen 0.09/turn                (no ring)

@: paralysed, berserking (expiring), flying
A: molten scales 1
a: no special abilities


You were on level 3 of the Dungeon.
You visited 1 branch of the dungeon, and saw 3 of its levels.

You collected 103 gold pieces.

Inventory:

Hand Weapons
 o - a +0 hand axe (weapon)
Armour
 d - a +2 pair of boots of flying (worn)
 i - a +0 leather armour (worn)
Jewellery
 g - an amulet of the acrobat (around neck)
Scrolls
 a - a scroll of enchant weapon {unknown}
 c - a scroll of fog {unknown}
 f - a scroll of blinking {unknown}
 j - a scroll of noise {unknown}
 l - 3 scrolls of identify {unknown}
Potions
 b - a potion of magic
 e - a potion of might {unknown}
 h - a potion of berserk rage
 k - a potion of attraction {unknown}
 m - a potion of flight {unknown}
 n - a potion of lignification {unknown}


   Skills:
 + Level 0.3 Armour
 + Level 2.0 Dodging
 + Level 1.7 Stealth
 + Level 0.1 Unarmed Combat
 + Level 2.3 Spellcasting
 + Level 1.2 Conjurations
 + Level 3.2 Air Magic


You had 4 spell levels left.
You knew the following spells:

 Your Spells              Type           Power      Damage    Failure   Level
a - Shock                 Conj/Air       32%        1d5       12%         1

Your spell library contained the following spells:

 Spells                   Type           Power      Damage    Failure   Level
 Static Discharge         Conj/Air       16%        2-3/arc   17%         2
 Swiftness                Air            12%        N/A       22%         3
 Apportation              Tloc           2%         N/A       28%         1
 Slow                     Hex            4%         N/A       28%         1
 Airstrike                Air            6%         2d(1-17)  58%         4
 Call Canine Familiar     Summ           1%         N/A       63%         3
 Confusing Touch          Hex            1%         N/A       63%         3
 Gell's Gravitas          Tloc           1%         N/A       63%         3
 Portal Projectile        Hex/Tloc       2%         N/A       63%         3
 Teleport Other           Tloc           1%         N/A       63%         3
 Vampiric Draining        Necr           1%         2d6       63%         3
 Leda's Liquefaction      Hex/Erth       0%         N/A       95%         4
 Alistair's Intoxication  Tmut/Pois      0%         N/A       100%        5
 Dispersal                Tloc           0%         N/A       100%        6


Dungeon Overview and Level Annotations

Branches:
Dungeon (3/15)

Altars:

Annotations:
D:3 Grinder


Innate Abilities, Weirdness & Mutations

You are partially covered in molten scales. (AC +2)


Message History

You hit Grinder.
Grinder is lightly wounded.
Grinder barely misses you.
The frilled lizard bites you but does no damage.
Grinder closely misses you.
You hit Grinder but do no damage.
Grinder is lightly wounded.
You miss the frilled lizard. The frilled lizard barely misses you.
Grinder hits you.
You writhe in agony.
It was a potion of berserk rage.
A red film seems to cover your vision as you go berserk!
You feel yourself moving faster!
You feel mighty!
Grinder looks more healthy.
Grinder barely misses you. The frilled lizard barely misses you.
You barely miss Grinder.
Grinder is lightly wounded.
You hit the frilled lizard.
You kill the frilled lizard!
Grinder blinks!
Grinder gestures at you.
You barely resist.
You feel a strong urge to attack something.
You see here a poisoned dart.
You slash Grinder!
Grinder is moderately wounded.
Grinder gestures at you. Pain shoots through your body!
You closely miss Grinder.
Grinder is moderately wounded.
You hit the endoplasm. Grinder gestures at you.
You suddenly lose the ability to move!
The endoplasm freezes you.
You are frozen.
The endoplasm hits you but does no damage.
Grinder gestures at you. Pain shoots through your body!
* * * LOW HITPOINT WARNING * * *
The endoplasm hits you but does no damage.
Grinder hits you!
You die...

#.##.#.###.######..##
#......# #.######..##
##.###..#.### #...........
..........# #...........
#..###..#######.........##
..............#.#.........
..............#.#.###.....
.........(....#...........
......#..@........##......
........J.5...............
#..#..#.#.....#...[.......
...#..#†###.### ..........
. ... #(# ... ..#.......
.... ... ...............
.... ..... .... .........
........... .... ........
.........


You could see Grinder and an endoplasm.

Vanquished Creatures
  3 ball pythons
  2 endoplasms
  2 giant cockroaches
  4 hobgoblins
  A quokka (D:2)
  4 bats
  2 frilled lizards
  4 kobolds
  4 rats
26 creatures vanquished.

Notes
Turn   | Place    | Note
-------+----------+-------------------------------------------
     0 | D:1      | xian the Demonspawn Air Elementalist began the quest for
                  | the Orb.
     0 | D:1      | Reached XP level 1. HP: 13/13 MP: 3/3
   412 | D:1      | Reached skill level 3 in Air Magic
   422 | D:1      | Gained mutation: You are partially covered in molten
                  | scales. (AC +2) [demonic ancestry]
   422 | D:1      | Reached XP level 2. HP: 12/19 MP: 1/5
  1862 | D:2      | Noticed a shining eye
  1864 | D:2      | Found a faded altar of an unknown god.
  1866 | D:2      | Noticed a great orb of eyes
  1866 | D:2      | Noticed a shining eye
  1866 | D:2      | Noticed an eye of devastation
  2069 | D:3      | Noticed Grinder
  2084 | D:3      | Paralysed by Grinder for 4 turns
  2086 | D:3      | Slain by Grinder

Illustrated notes

Levels and vault maps discovered:
D:1:      mrwooster_arrival_statue_3, layout_basic, hex_tiny
D:2:      layout_basic, hellmonk_ecumenical_altar_watching_god,
          minmay_misc_feat_columns, patterned_corridor
D:3:      layout_basic, serial_shops, shop, minmay_misc_feat_x, uniq_grinder

Skill      XL: |  1 |
---------------+----+-----
Air Magic      | 3 |  3.2
Dodging        | 2 |  2.0
Armour         | |  0.3
Stealth        | |  1.7
Unarmed Combat | |  0.1
Spellcasting   | |  2.3
Conjurations   | |  1.2

Action                     || total
---------------------------++-------
  Melee: Unarmed           ||    10
         Club              ||    16
         Hand axe          ||     8
         Punch             ||     1
  Throw: Dart              ||     4
   Cast: Shock             ||    43
    Use: Potion            ||     1
 Armour: Robe              ||     1
         Leather armour    ||    11
  Dodge: Dodged            ||    31

Table legend: (Time is in decaauts)
 A = Elapsed time spent in this place.
 B = Non-inter-level travel time spent in this place.
 C = Inter-level travel time spent in this place.
 D = Time resting spent in this place.
 E = Time spent auto-exploring this place.
 F = Levels seen in this place.
 G = Mean time per level.
                   A        B        C        D        E       F      G
               +--------+--------+--------+--------+--------+-----+--------+
         Total |   2089 |   2054 |     35 |      0 |   1746 |   3 |  696.3 |
       Dungeon |   2089 |   2054 |     35 |      0 |   1746 |   3 |  696.3 |
               +--------+--------+--------+--------+--------+-----+--------+

Top non-repeatable levels by time:
     D:1: 1092 daAuts
     D:2: 856 daAuts
     D:3: 141 daAuts
